 Dungeon Crawl Stone Soup version 0.30.0-10-gfe55d96785 (webtiles) character file.

Game seed: 16230757658865772112

100637 Kenran the Warrior (level 16, -1/110 HPs)
             Began as a Gargoyle Monk on May 14, 2023.
             Was a Believer of Uskayaw.
             Slain by a ten-headed hydra (6 damage)
             ... on level 2 of the Swamp.
             The game lasted 00:35:59 (18177 turns).

Kenran the Warrior (Gargoyle Monk)                 Turns: 18177, Time: 00:36:00

Health: -1/110     AC: 33    Str: 23    XL:     16   Next: 28%
Magic:  25/25      EV:  9    Int: 11    God:    Uskayaw [**....]
Gold:   1387       SH:  0    Dex: 12    Spells: 15/15 levels left

rFire   + + .        b - +8 whip "Snakebite" {venom, curare, rPois}
rCold   + + .        d - orb {light}
rNeg    + . .        F - +0 plate armour
rPois   ∞            t - +1 helmet
rElec   +            p - scarf {rC+ rF+}
rCorr   .            L - +2 pair of gloves
SInv    .            Y - +2 pair of boots {Stlth+}
Will    +....        k - amulet of regeneration Stlth
                     m - ring of protection from fire
HPRegen 1.18/turn    V - ring of protection from cold
MPRegen 0.19/turn

%: no passive effects
@: flying, glowing, studying 2 skills
A: sickness immunity, AC +12, big wings, negative energy resistance 1,
electricity resistance, torment resistance 1, petrification resistance, deformed
body
a: Renounce Religion, Stomp, Line Pass


You were on level 2 of the Swamp.
You worshipped Uskayaw.
Uskayaw was pleased with you.
You visited 4 branches of the dungeon, and saw 24 of its levels.

You collected 2533 gold pieces.
You spent 1146 gold pieces at shops.

Inventory:

Hand Weapons
 a - the +10 broad axe "Seyn Zum" {spect, Dex+4}
   (You acquired it on level 3 of the Dungeon)

   Dex:       It affects your dexterity (+4).
 b - the +8 whip "Snakebite" (weapon) {venom, curare, rPois}
   (You took it off Amaemon on level 3 of the Lair of Beasts)

   rPois:     It protects you from poison.
Missiles
 K - 4 curare-tipped darts (quivered)
Armour
 d - an orb of light (worn)
 p - a scarf of resistance (worn)
 t - a +1 helmet (worn)
 F - a +0 plate armour (worn)
 L - a +2 pair of gloves (worn)
 Y - a +2 pair of boots of stealth (worn)
Jewellery
 k - an amulet of regeneration (around neck)
 m - a ring of protection from fire (left hand)
 n - a ring of protection from fire
 M - a ring of see invisible
 V - a ring of protection from cold (right hand)
 X - an amulet of reflection
Wands
 y - a wand of acid (13)
 C - a wand of flame (25)
 E - a wand of mindburst (7)
 G - a wand of digging (23)
 N - a wand of paralysis (22)
 Q - a wand of roots (19)
 S - a wand of polymorph (15)
Scrolls
 f - 2 scrolls of vulnerability {!r}
 g - 5 scrolls of poison
 h - 5 scrolls of enchant armour
 i - 5 scrolls of teleportation
 o - 4 scrolls of torment {!r}
 r - 4 scrolls of immolation {!r}
 s - 4 scrolls of fear
 x - 7 scrolls of amnesia
 z - 2 scrolls of fog
 A - 2 scrolls of magic mapping
 J - 4 scrolls of silence
 R - a scroll of blinking
 W - 3 scrolls of enchant weapon
Potions
 c - 2 potions of ambrosia
 e - 2 potions of resistance
 j - a potion of magic
 l - a potion of brilliance
 q - 3 potions of heal wounds {@q2}
 u - a potion of berserk rage {!q}
 w - 4 potions of cancellation
 B - 6 potions of mutation {!q}
 D - 6 potions of curing {@q1}
 I - 3 potions of attraction {unknown}
 O - 5 potions of lignification {!q}
 P - 2 potions of haste {unknown}
 U - 7 potions of flight
Miscellaneous
 H - a box of beasts
 T - a piece from Xom's chessboard (15/15)


   Skills:
 + Level 16.1 Fighting
 - Level 16.0 Axes
 - Level 14.0 Armour
 - Level 6.0 Dodging
 + Level 12.4 Invocations
 - Level 5.0 Evocations


You had 15 spell levels left.
You didn't know any spells.
Your spell library contained the following spells:

 Spells                   Type           Power      Damage    Failure   Level
 Beastly Appendage        Tmut           0%         N/A       97%         1
 Freeze                   Ice            0%         1d3       97%         1
 Magic Dart               Conj           0%         1d3       97%         1
 Necrotise                Necr           0%         1d4       97%         1
 Slow                     Hex            0%         N/A       97%         1
 Call Imp                 Summ           0%         N/A       99%         2
 Searing Ray              Conj           0%         2d4       99%         2
 Wereblood                Tmut           0%         N/A       99%         2
 Confusing Touch          Hex            0%         N/A       100%        3
 Dazzling Flash           Conj/Hex       0%         N/A       100%        3
 Frozen Ramparts          Ice            0%         1d1       100%        3
 Hailstorm                Conj/Ice       0%         3d3       100%        3
 Mephitic Cloud           Conj/Pois/Air  0%         N/A       100%        3
 Spider Form              Tmut/Pois      0%         N/A       100%        3
 Vampiric Draining        Necr           0%         2d6       100%        3
 Volatile Blastmotes      Fire/Tloc      0%         2d10      100%        3
 Animate Dead             Necr           0%         N/A       100%        4
 Dispel Undead            Necr           0%         3d6       100%        4
 Fulminant Prism          Conj/Hex       0%         3d5       100%        4
 Iskenderun's Mystic Bla  Conj/Tloc      0%         2d3       100%        4
 Olgreb's Toxic Radiance  Pois           0%         N/A       100%        4
 Petrify                  Tmut/Erth      0%         N/A       100%        4
 Agony                    Necr           0%         N/A       100%        5
 Borgnjor's Vile Clutch   Necr/Erth      0%         N/A       100%        5
 Irradiate                Conj/Tmut      0%         3d11      100%        5
 Silence                  Hex/Air        0%         N/A       100%        5
 Death Channel            Necr           0%         N/A       100%        6
 Starburst                Conj/Fire      0%         6d3       100%        6
 Discord                  Hex            0%         N/A       100%        8
 Ignition                 Fire           0%         3d3       100%        8
 Cigotuvi's Dreadful Rot  Necr/Pois/Air  Unusable   N/A       N/A         2
 Sublimation of Blood     Necr           Unusable   N/A       N/A         2

Dungeon Overview and Level Annotations

Branches:
Dungeon (15/15)            Temple (0/1) D:5            Lair (5/5) D:9
  Swamp (2/4) Lair:3        Snake (0/4) Lair:3        Slime (0/5) Lair:4
    Orc (2/2) D:9             Elf (0/3) Orc:2        Vaults (0/5) D:13
 Depths (0/4) D:15

Altars:
Ashenzari
Makhleb
Nemelex Xobeh
Qazlal
Ru
Trog
Uskayaw
Vehumet
Xom
Yredelemnul
Zin
Jiyva

Shops:
D:4 *(   D:9 *   D:12 (   D:15 (   Orc:2 ??(?:

Portals:
Pandemonium: Orc:2

Annotations:
D:2 1 runed translucent door, Crazy Yiuf
D:10 exclusion: downstairs, Gastronok
D:15 2 transporters, AyAyRon's ghost, adept DsFi
Lair:4 exclusion: oklob plant
Orc:1 2 transporters, Veudig's ghost, journeyman HOFi


Innate Abilities, Weirdness & Mutations

You are immune to sickness and miasma.
Your stone body is resilient. (AC +12)
You are immune to poison.
Your large and strong wings let you fly.
You resist negative energy. (rN+)
You are resistant to electric shocks. (rElec)
You are resistant to unholy torment.
You are immune to petrification.
Armour fits poorly on your strangely shaped body.


Message History

You hack one of the eight-headed hydra's heads off!
The seven-headed hydra grows two more!
You slice the nine-headed hydra!!
Your +10 broad axe "Seyn Zum" {spect, Dex+4} hits the nine-headed hydra!!
Your +10 broad axe "Seyn Zum" {spect, Dex+4} chops one of the nine-headed hydra's heads off!
The eight-headed hydra grows two more!
Your +10 broad axe "Seyn Zum" {spect, Dex+4} hits the eleionoma!!
The eleionoma hits your +10 broad axe "Seyn Zum" {spect, Dex+4}!!
Your spectral weapon shares its damage with you!
The ten-headed hydra closely misses you.
The ten-headed hydra bites you!
The ten-headed hydra bites you but does no damage. x2
The ten-headed hydra bites you!
The ten-headed hydra bites you but does no damage.
The ten-headed hydra closely misses you.
The ten-headed hydra bites you but does no damage. x3
You can now pass through a line of other dancers.
Your +10 broad axe "Seyn Zum" {spect, Dex+4} disappears.
The +8 whip "Snakebite" {venom, curare, rPois} begins to drip with poison!
b - the +8 whip "Snakebite" (weapon)
{venom, curare, rPois} You whack the ten-headed hydra!
The ten-headed hydra looks as sick as possible!
The ten-headed hydra is heavily wounded.
The ten-headed hydra bites you but does no damage.
The ten-headed hydra barely misses you. x2; The ten-headed hydra bites you!
The ten-headed hydra bites you but does no damage.
The ten-headed hydra barely misses you. The ten-headed hydra misses you.
The ten-headed hydra bites you!
The ten-headed hydra bites you but does no damage.
The ten-headed hydra bites you.
You whack the ten-headed hydra!
The ten-headed hydra is severely wounded.
The ten-headed hydra bites you!!
* * * LOW HITPOINT WARNING * * *
The ten-headed hydra bites you!
* * * LOW HITPOINT WARNING * * *
The ten-headed hydra bites you!
* * * LOW HITPOINT WARNING * * *
The ten-headed hydra bites you but does no damage. x2
The ten-headed hydra bites you.
You die...

~~~~~~§.♣
~.~~~~~~♣ ...
~.~~~~~.♣ ~§~
♣♣.~~~~~..
~§.♣♣♣.~~~~~~.~
~~.~..~~~~..~..
§~~..~~~~~~~~!.
§~~..~R@~~§~.♣
~~~♣♣~~D.~~.♣♣
♣<.~..♣♣♣
♣..~~...~..~♣
♣.~~~~~~..♣♣♣
♣♣~~~§~♣♣♣♣
♣.§~~. ...~~~~
...~~~~


You could see an eleionoma and a ten-headed hydra (strong, extremely poisoned).

Vanquished Creatures
  Frances (D:12)
  A very ugly thing (D:15)
  3 eleionomae (Swamp:1)
  A dire elephant (Lair:5)
  A great orb of eyes (D:15)
  An ice dragon (D:12)
  8 vault guards (D:13)
  2 demonspawn (Orc:2)
  2 rakshasas (D:15)
  2 catoblepae
  7 hydras
  A deep troll shaman (Lair:5)
  6 boulder beetles
  A centaur warrior (D:14)
  An alligator (Swamp:1)
  7 death yaks (Lair:5)
  2 death knights (D:14)
  5 orc high priests (Orc:2)
  2 tengu warriors
  Sonja (Lair:1)
  Amaemon (Lair:3)
  6 skeletal warriors
  A death drake (shapeshifter) (D:15)
  A spriggan druid (Swamp:2)
  2 swamp dragons (Swamp:1)
  2 goliath frogs (Swamp:1)
  5 orc knights
  A deep elf pyromancer (D:12)
  14 ugly things
  A deep elf zephyrmancer (D:7)
  2 phantasmal warriors (D:14)
  4 cyclopes
  6 orc sorcerers (Orc:2)
  A manticore (D:15)
  3 will-o-the-wisps (Swamp:1)
  11 elephants
  A torpor snail (Lair:5)
  5 black mambas
  2 orange demons
  4 gargoyles
  15 cane toads
  3 unseen horrors
  3 rime drakes
  8 komodo dragons
  2 freezing wraiths
  10 polar bears
  6 trolls
  A red devil (Orc:2)
  3 hornets (Swamp:1)
  A hellwing (Orc:2)
  15 blink frogs
  A hornet (shapeshifter) (D:15)
  3 tyrant leeches
  A slime creature (shapeshifter) (D:15)
  4 slime creatures
  A shadow (D:13)
  Sigmund (D:4)
  A centaur simulacrum (D:14)
  3 spriggans (Swamp:1)
  23 yaks
  6 wyverns
  3 wraiths
  5 basilisks
  A chaos spawn (Orc:2)
  2 neqoxecs (Orc:2)
  2 vampires (D:11)
  Grum (D:10)
  9 vampire mosquitoes
  A steam dragon (D:7)
  2 nagas (Lair:3)
  7 swamp worms
  An acid dragon (D:14)
  10 water moccasins
  27 orc warriors
  11 black bears
  4 ice beasts
  An ogre (Orc:2)
  27 wolves
  6 centaurs
  2 phantoms
  5 kobold brigands
  5 bullfrogs
  3 gnoll sergeants
  Blork the orc (D:5)
  3 scorpions
  4 wights (D:9)
  3 killer bees (D:9)
  An electric eel (Lair:5)
  3 howler monkeys
  3 hounds
  A jelly (D:6)
  22 orc priests
  Jessica (D:2)
  2 iguanas
  Terence (D:3)
  25 orc wizards
  Robin (D:3)
  11 gnolls
  3 adders
  2 shadow imps
  2 white imps
  2 ufetubi
  6 worms
  71 orcs
  7 endoplasms
  2 giant cockroaches
  14 goblins
  17 hobgoblins
  3 jackals (D:2)
  29 kobolds
  5 quokkas
  3 ball pythons
  4 bats
  2 frilled lizards
  7 rats
635 creatures vanquished.

Vanquished Creatures (others)
  2 bloated husks (Swamp:1)
  12 foxfires (Swamp:1)
  9 spectral weapons
23 creatures vanquished.

Grand Total: 658 creatures vanquished

Notes
Turn   | Place    | Note
-------+----------+-------------------------------------------
     0 | D:1      | Kenran the Gargoyle Monk began the quest for the Orb.
     0 | D:1      | Reached XP level 1. HP: 14/14 MP: 1/1
   131 | D:1      | Reached XP level 2. HP: 16/19 MP: 2/2
   435 | D:1      | Reached XP level 3. HP: 23/23 MP: 3/3
  1161 | D:2      | Reached XP level 4. HP: 24/28 MP: 4/4
  1313 | D:2      | Found a runed translucent door.
  1314 | D:2      | Noticed Crazy Yiuf
  1431 | D:2      | Noticed Jessica
  1439 | D:2      | Killed Jessica
  1576 | D:3      | Reached skill level 5 in Axes
  1576 | D:3      | Reached XP level 5. HP: 32/32 MP: 5/5
  1615 | D:3      | Found a shimmering altar of Xom.
  1850 | D:3      | Found a bloodstained altar of Trog.
  1920 | D:3      | Noticed Robin
  1949 | D:3      | Killed Robin
  1987 | D:3      | Noticed Terence
  1998 | D:3      | Killed Terence
  2263 | D:3      | Identified 2 scrolls of acquirement
  2263 | D:3      | Acquired a manual of Dodging
  2267 | D:3      | Acquired the +10 broad axe "Seyn Zum" {spect, Dex+4}
  2439 | D:4      | Noticed a phantom
  2453 | D:4      | Killed a phantom
  2454 | D:4      | Reached XP level 6. HP: 37/37 MP: 6/6
  2522 | D:4      | Found Xeetoc's Antique Weapon Shoppe.
  2578 | D:4      | Found Dimini Istost's General Store.
  2593 | D:4      | Bought a potion of cancellation for 96 gold pieces
  2600 | D:4      | Found a glowing silver altar of Zin.
  2600 | D:4      | Found a burning altar of Makhleb.
  2601 | D:4      | Noticed an Executioner
  2601 | D:4      | Noticed an angel
  2689 | D:4      | Noticed Sigmund
  2692 | D:4      | Killed Sigmund
  2999 | D:5      | Entered Level 5 of the Dungeon
  3004 | D:5      | Noticed Blork the orc
  3075 | D:5      | Killed Blork the orc
  3076 | D:5      | Reached XP level 7. HP: 20/41 MP: 7/7
  3119 | D:5      | Noticed a +0 falchion
  3120 | D:5      | Noticed a +0 dagger
  3121 | D:5      | Noticed a +0 short sword
  3121 | D:5      | Noticed a +0 dagger
  3122 | D:5      | Noticed a +0 spear
  3122 | D:5      | Noticed a +0 short sword
  3122 | D:5      | Noticed a +0 falchion
  3123 | D:5      | Noticed a +0 spear
  3226 | D:5      | Found a staircase to the Ecumenical Temple.
  3345 | D:5      | Found a hide-covered altar of Uskayaw.
  3361 | D:5      | Became a worshipper of Uskayaw the Reveller
  3361 | D:5      | Reached * piety under Uskayaw
  3509 | D:5      | You fall into a shaft and drop 2 floors!
  3518 | D:7      | Reached XP level 8. HP: 46/46 MP: 8/8
  3521 | D:7      | Reached ** piety under Uskayaw
  4227 | D:7      | Found a radiant altar of Vehumet.
  4230 | D:7      | Found a basalt altar of Yredelemnul.
  4235 | D:7      | Found a sparkling altar of Nemelex Xobeh.
  4251 | D:7      | Reached skill level 10 in Axes
  4390 | D:7      | Reached XP level 9. HP: 25/52 MP: 9/9
  4752 | D:7      | Noticed a deep elf zephyrmancer
  4754 | D:7      | Killed a deep elf zephyrmancer
  4755 | D:7      | Reached skill level 5 in Fighting
  4817 | D:8      | Reached *** piety under Uskayaw
  4888 | D:8      | Reached **** piety under Uskayaw
  4896 | D:8      | Reached ***** piety under Uskayaw
  5029 | D:8      | Found a stormy altar of Qazlal.
  5298 | D:9      | Reached XP level 10. HP: 20/64 MP: 10/10
  5352 | D:9      | Found a staircase to the Lair.
  5429 | D:9      | Found a broken altar of Ashenzari.
  5500 | D:9      | Found Neluigoa's Assorted Antiques.
  5508 | D:9      | Bought a scroll labelled GUCLOE KOAD for 25 gold pieces
  5577 | D:9      | Found a staircase to the Orcish Mines.
  5583 | D:9      | Reached skill level 1 in Armour
  5810 | D:9      | Identified the +2 sling of Sibor {elec, Dex+2 SInv Stlth-}
  5921 | D:9      | Reached skill level 5 in Armour
  6126 | D:10     | Entered Level 10 of the Dungeon
  6149 | D:10     | Noticed Grum
  6196 | D:10     | Killed Grum
  6421 | D:10     | Found a sacrificial altar of Ru.
  6520 | D:10     | Noticed an unseen horror
  6526 | D:10     | Killed an unseen horror
  6583 | D:10     | Noticed Gastronok
  6631 | D:10     | Reached XP level 11. HP: 70/71 MP: 11/11
  6672 | D:11     | Noticed a boulder beetle
  7064 | D:11     | Noticed a cyclops
  7083 | D:11     | Killed a cyclops
  7354 | D:11     | Killed a boulder beetle
  7355 | D:11     | Reached skill level 10 in Fighting
  7611 | Lair:1   | Entered Level 1 of the Lair of Beasts
  7814 | Lair:1   | Noticed Sonja
  7826 | Lair:1   | Killed Sonja
  8126 | Lair:1   | Reached XP level 12. HP: 77/77 MP: 12/12
  8407 | Lair:2   | Reached skill level 15 in Axes
  8514 | Lair:2   | Noticed a five-headed hydra
  8527 | Lair:2   | Killed a five-headed hydra
  9159 | Lair:3   | Reached skill level 1 in Invocations
  9215 | Lair:3   | Found a staircase to the Snake Pit.
  9295 | Lair:3   | Identified the +1 ring mail of Broken Taboos {Int+3}
  9296 | Lair:3   | Noticed Amaemon
  9324 | Lair:3   | Killed Amaemon
  9344 | Lair:3   | Found a staircase to the Swamp.
  9445 | Lair:3   | Noticed an eight-headed hydra
  9456 | Lair:3   | Killed an eight-headed hydra
  9561 | Lair:3   | Reached skill level 5 in Invocations
 10043 | Lair:4   | Reached XP level 13. HP: 80/82 MP: 17/17
 10052 | Lair:4   | Identified the +0 chain mail "Moloerat" {rElec rC- Will+++
                  | Stlth+}
 10682 | Lair:4   | Found a viscous altar of Jiyva.
 10682 | Lair:4   | Found a staircase to the Slime Pits.
 10884 | Lair:5   | Entered Level 5 of the Lair of Beasts
 10935 | Lair:5   | Reached skill level 10 in Armour
 11481 | Lair:5   | Found a stormy altar of Qazlal.
 11662 | Lair:5   | Reached skill level 10 in Invocations
 11663 | Lair:5   | Gained mutation: Your large and strong wings let you fly.
                  | [Gargoyle growth]
 11663 | Lair:5   | Reached XP level 14. HP: 91/91 MP: 21/21
 11671 | Lair:5   | Noticed a dire elephant
 11695 | Lair:5   | Killed a dire elephant
 12342 | D:12     | Found the +7 great mace "Undeadhunter" {deathbane, rN+}
 12440 | D:12     | Identified the staff of poison "Totin" {rPois rC+ Dex+3}
 12533 | D:12     | Identified the +3 long sword of Xeoladicw {freeze, *Noise
                  | rC+ Str+2 Dex+8}
 12559 | D:12     | Found a stormy altar of Qazlal.
 12559 | D:12     | Found Epnacw's Antique Weapon Boutique.
 12596 | D:12     | Noticed Frances
 12621 | D:12     | Killed Frances
 13255 | D:13     | Found a gate to the Vaults.
 13295 | D:13     | Reached ****** piety under Uskayaw
 14112 | D:14     | Reached XP level 15. HP: 85/96 MP: 24/24
 14243 | D:14     | Reached skill level 5 in Dodging
 14604 | D:15     | Entered Level 15 of the Dungeon
 14823 | D:15     | Identified the +4 long sword of Vecs {venom, Fly}
 14861 | D:15     | Found Sengow's Weapon Boutique.
 15027 | D:15     | Noticed AyAyRon's ghost (adept DsFi)
 15040 | D:15     | Found a transporter.
 15074 | D:15     | Found a transporter.
 15366 | D:15     | Reached skill level 1 in Evocations
 15440 | D:15     | Found a staircase to the Depths.
 15856 | Orc:1    | Entered Level 1 of the Orcish Mines
 15928 | Orc:1    | Noticed Veudig's ghost (journeyman HOFi)
 15983 | Orc:1    | Found a transporter.
 15993 | Orc:1    | Found a bloodstained altar of Trog.
 16000 | Orc:1    | Found a transporter.
 16313 | Orc:2    | Entered Level 2 of the Orcish Mines
 16558 | Orc:2    | Found a staircase to the Elven Halls.
 16693 | Orc:2    | Found Feothuq's Magic Scroll Emporium.
 16697 | Orc:2    | Found Plog's Magic Scroll Shoppe.
 16853 | Orc:2    | Bought a scroll of identify for 28 gold pieces
 16853 | Orc:2    | Bought a scroll of identify for 28 gold pieces
 16986 | Orc:2    | Found Ipuczu's Magic Scroll Shop.
 16994 | Orc:2    | Bought a scroll of identify for 34 gold pieces
 16994 | Orc:2    | Bought a scroll of acquirement for 884 gold pieces
 16994 | Orc:2    | Bought a scroll of teleportation for 51 gold pieces
 16996 | Orc:2    | Acquired a manual of Invocations
 17113 | Orc:2    | Gained mutation: Armour fits poorly on your strangely
                  | shaped body. [a neqoxec]
 17258 | Orc:2    | Reached skill level 5 in Evocations
 17277 | Orc:2    | Reached XP level 16. HP: 85/107 MP: 25/25
 17277 | Orc:2    | Found Xoedam's Book Shop.
 17277 | Orc:2    | Found Cosocyzu's Antique Weapon Boutique.
 17277 | Orc:2    | Found a one-way gate leading to the halls of Pandemonium.
 17284 | Orc:2    | Reached skill level 15 in Fighting
 17547 | Swamp:1  | Entered Level 1 of the Swamp
 18177 | Swamp:2  | HP: 5/110 [ten-headed hydra (13)]
 18177 | Swamp:2  | Slain by a ten-headed hydra

Illustrated notes

Levels and vault maps discovered:
D:1:      lightli_arrival_quake, layout_basic, serial_bayou_lagoon_a,
          minmay_misc_feat_pillars
D:2:      layout_rooms, kennysheep_jessica_study, uniq_crazy_yiuf_cottage
D:3:      layout_loops_ring, mainiacjoe_overflow_small_starburst,
          mainiacjoe_overflow_boulevard, uniq_terence, uniq_robin
D:4:      layout_loops_ring, grunt_temple_overflow_order_and_chaos_2,
          serial_shops, shop, nicolae_shop_tiny_waterfront, uniq_sigmund
D:5:      layout_loops_ring, nicolae_uskayaw_en_pointe,
          minmay_temple_entry_glass, nicolae_wormholes, uniq_blork_the_orc
D:6:      layout_cave_pools
D:7:      layout_loops_ring, grunt_temple_overflow_diamond,
          guppyfry_early_elven_hall
D:8:      layout_cave_pools, mainiacjoe_overflow_alcove_2, serial_column_ruins,
          column_ruins_hut, column_ruins_columns_corner, column_ruins_grid_3,
          column_ruins_open_tiny, column_ruins_columns_corner
D:9:      layout_long_grid, ashenzari_conservatory_becter, lair_entry_dummy,
          minmay_orc_entry_temple_small, serial_shops, shop, grunt_ministairs_5
D:10:     layout_loops_ring, mainiacjoe_overflow_alcove_4, grunt_decor_cap,
          hangedman_decor_slide_cut, minmay_splitting_lines, uniq_grum,
          uniq_gastronok
D:11:     layout_irregular_city
D:12:     dragon1_lemuel, layout_irregular_city, serial_shops, shop,
          grunt_qazlal_sundering, uniq_frances
D:13:     layout_irregular_city, erik_vaults_2
D:14:     layout_cave_pools
D:15:     gammafunk_enter_depths_forms, layout_cave_pools,
          gammafunk_ghost_berserking_beasts, serial_column_ruins,
          column_ruins_pillar_9, column_ruins_pillar_1, column_ruins_pillar_6,
          column_ruins_pillar_5, column_ruins_pillar_5, column_ruins_pillar_1,
          column_ruins_pillar_4, column_ruins_pillar_1, column_ruins_pillar_3,
          column_ruins_pillar_1, serial_shops, shop_statue, nicolae_sextant
Lair:1:   layout_chaotic_city, lemuel_fruit_fields, uniq_sonja
Lair:2:   layout_chaotic_city, grunt_megastairs_3, infiniplex_staircase_pool
Lair:3:   beast_lair_carwin_large_4, layout_small_grid,
          minmay_swamp_entry_worms, guppyfry_snake_entry_island, uniq_amaemon
Lair:4:   layout_small_grid, dpeg_slime_entry_enclosed,
          nicolae_quartered_pool_super, minmay_lair_oklob_items
Lair:5:   grunt_lair_end_beastmaster, layout_concentric_octagons, basic_altar,
          pdpol_lair_cavern_descent
Swamp:1:  layout_basic_swamp, evilmike_swamp_ruin_house_5, swamp_pool1
Swamp:2:  layout_basic_swamp, hangedman_swamp_diagram, hangedman_swamp_grove
Orc:1:    cheibrodos_orc_bank, layout_diamond_mine,
          gammafunk_ghost_wrathful_warriors
Orc:2:    pf_orc_diabolical, layout_caves, serial_shops, nicolae_diamond_shop,
          basic_altar, mines2_lemuel

Skill      XL: |  1  2  3  4  5  6  7  8  9 10 11 12 13 14 15 16 |
---------------+-------------------------------------------------+-----
Axes           | 3 4 5 6 7 8 10 11 12 14 16 | 16.0
Fighting       | 4 7 9 10 11 12 14 16 | 16.1
Armour         | 6 8 10 13 14 | 14.0
Invocations    | 6 10 12 | 12.4
Dodging        | 6 |  6.0
Evocations     | 5 |  5.0

Action                     |  1- 3 |  4- 6 |  7- 9 | 10-12 | 13-15 | 16-18 || total
---------------------------+-------+-------+-------+-------+-------+-------++-------
  Melee: Hand axe          |   102 |   111 |       |       |       |       ||   213
         Broad axe         |       |    11 |   103 |   264 |   602 |    59 ||  1039
         Morningstar       |       |       |       |     9 |       |       ||     9
         Whip              |       |       |       |     8 |    36 |    10 ||    54
  Throw: Dart              |       |       |       |       |     2 |       ||     2
 Invoke: Line Pass         |       |       |       |       |     1 |       ||     1
  Evoke: Wand              |       |       |       |     1 |     6 |       ||     7
         Box of beasts     |       |       |       |     1 |     1 |       ||     2
    Use: Scroll            |     1 |     3 |     8 |     3 |     9 |     1 ||    25
         Potion            |       |     3 |       |       |       |       ||     3
   Stab: Distracted        |       |       |     1 |     6 |    16 |       ||    23
         Paralysed         |       |       |     3 |    17 |    44 |     4 ||    68
 Armour: Robe              |    13 |       |       |       |       |       ||    13
         Chain mail        |    38 |    74 |    55 |    81 |       |       ||   248
         Plate armour      |       |       |       |   104 |   365 |    75 ||   544
  Dodge: Dodged            |    48 |    56 |    36 |    96 |   153 |    31 ||   420
